[Event "*** Titled Tuesday 3|2 Blitz"]
[Site "Chess.com"]
[Date "2016.05.03"]
[Round "4"]
[White "Zazuliak"]
[Black "andretta"]
[Result "1-0"]
[WhiteElo "2371"]
[BlackElo "2172"]
[TimeControl "180+2"]
[EndTime "17:54:40 PDT"]
[Termination "Zazuliak won by resignation"]

1. d4 e6 2. c4 d5 3. Nc3 Nf6 4. Bg5 Nbd7 5. e3 Be7 6. Nf3 O-O 7. cxd5 exd5 8. Qc2 c6 9. Bd3 Re8 10. O-O g6 11.
Rab1 a5 12. a3 Nh5 13. Bxe7 Qxe7 14. b4 axb4 15. axb4 Nb6 16. b5 c5 17. dxc5 Qxc5 18. Nd4 Bd7 19. Rfc1 Rec8 20. Qd1 Qd6 21. Nce2 Nf6 22.
Nf4 Rxc1 23. Rxc1 Rc8 24. Rxc8+ Bxc8 25. Qc2 Bd7 26. h3 Qb8 27. Qc5 Qd8 28. Qd6 Ne8 29. Qc5 Nf6 30. Kh2 Be8 31. Nf3 Nbd7 32. Qd6 Qb6 33.
Qe7 Qc5 34. Qd8 Qd6 35. Kg1 Kg7 36. Nd4 Qb8 37. Qe7 Qe5 38. Qd8 Qb8 39. Qa5 Qd6 40.
Qc3 Nb6 41. Qb2 Kg8 42. Qc3 Bd7 43. Nf3 h5 44. Qd4 Be8 45. Ne5 Nbd7 46. Nf3 Nb6 47. Nd2 Nbd7 48. Nb3 Ne5 49. Be2 b6 50. Nd2 Qc5 51. Nb3 Qxd4 52. Nxd4 Ned7 53. Bf3 Ne5 54. Bd1 Nc4 55. Bb3 Nd6 56. Ba4 Bd7 57. Kf1 Kf8 58.
Ke2 Ke7 59. Nd3 h4 60. f3 g5 61. Kd2 Nfe8 62. Kc3 Nc7 63. Kb4 f6 64. Bb3 Nf7 65. Ba4 Kd6 66. Nf2 Ne5 67. Bb3 Nf7 68. Nd3 Ne5 69. Nc1 Nf7 70. Nce2 Ne5 71. Bc2 Nf7 72. e4 dxe4 73. Bxe4 Ne5 74. Nc3 Nf7 75. Bf5 Ne5 76. Bxd7 Kxd7 77. Ne4 Nd5+ 78. Kb3 Ke7 79. Nc6+ Nxc6 80. bxc6 Nc7 81. Kc4 Ke6 82. Nc3 Kd6 83. Ne4+ Ke5 84. Nc3 Kd6 85. Ne4+ Ke5 86. Kb4 g4 87. hxg4 h3 88. gxh3 Kf4 1-0

[Event "*** Titled Tuesday 3|2 Blitz"]
[Site "Chess.com"]
[Date "2016.05.03"]
[Round "5"]
[White "gmjoey1"]
[Black "Zurability"]
[Result "1-0"]
[WhiteElo "2529"]
[BlackElo "2415"]
[TimeControl "180+2"]
[EndTime "17:57:43 PDT"]
[Termination "gmjoey1 won by resignation"]

1. e4 d6 2. d4 Nf6 3. Nc3 e5 4. Nf3 Nbd7 5. Bc4 Be7 6. O-O O-O 7. Re1 c6 8. a4 exd4 9. Nxd4 Ne5 10. Bb3 Re8 11. h3 Ng6 12. f4 Bd7 13. Kh2 h6 14.
Qd3 Qa5 15. e5 Nd5 16. Nxd5 cxd5 17. e6 Bc6 18. Bd2 Qc7 19. exf7+ Kxf7 20. Ne6 Qc8 21. Bxd5 Bxd5 22. Qxd5 1-0

[Event "*** Titled Tuesday 3|2 Blitz"]
[Site "Chess.com"]
[Date "2016.05.03"]
[Round "5"]
[White "viktorskliarov"]
[Black "attack2mateU"]
[Result "0-1"]
[WhiteElo "2436"]
[BlackElo "2464"]
[TimeControl "180+2"]
[EndTime "17:57:52 PDT"]
[Termination "attack2mateU won by resignation"]

1. e4 c5 2. Nf3 d6 3. d4 cxd4 4.
Qxd4 Nc6 5. Bb5 Bd7 6. Bxc6 Bxc6 7. Nc3 e5 8. Qd3 h6 9. b4 a6 10. a4 Nf6 11. Ba3 b5 12. a5 Be7 13. O-O O-O 14. Rad1 Qc7 15. Qe2 Rac8 16. Rd3 Qb7 17. Rfd1 Nxe4 18. Nd5 Bxd5 19. Rxd5 Nc3 0-1

[Event "*** Titled Tuesday 3|2 Blitz"]
[Site "Chess.com"]
[Date "2016.05.03"]
[Round "5"]
[White "Assasin14"]
[Black "GianmarcoVaR"]
[Result "0-1"]
[WhiteElo "2040"]
[BlackElo "2337"]
[TimeControl "180+2"]
[EndTime "17:58:40 PDT"]
[Termination "GianmarcoVaR won by resignation"]

1. e4 c6 2. d4 d5 3. Nd2 dxe4 4.
Nxe4 Bf5 5. Ng3 Bg6 6. h4 h6 7. h5 Bh7 8. Nf3 e6 9. Bd3 Bxd3 10. Qxd3 Nf6 11. Bd2 c5 12. O-O-O Nc6 13. Qb5 Qb6 14. Qxb6 axb6 15. Kb1 cxd4 16. Bf4 Bc5 17. Ne2 Ng4 18. Bg3 O-O-O 19. a3 d3 20. cxd3 Bxf2 21. Rh4 Ne3 22. Bxf2 Nxd1 23. Bxb6 Rxd3 24. Kc2 Rd5 25. Rh1 Nxb2 26. Kxb2 Rb5+ 27. Kc2 Rxb6 0-1

[Event "*** Titled Tuesday 3|2 Blitz"]
[Site "Chess.com"]
[Date "2016.05.03"]
[Round "5"]
[White "Checky2015"]
[Black "Tonychess32"]
[Result "1-0"]
[WhiteElo "2608"]
[BlackElo "2388"]
[TimeControl "180+2"]
[EndTime "17:59:55 PDT"]
[Termination "Checky2015 won by resignation"]

1. d4 Nf6 2. c4 e6 3. Nc3 Bb4 4. Qc2 O-O 5. Nf3 Bxc3+ 6. Qxc3 Ne4 7. Qc2 f5 8. g3 b6 9. Bg2 Bb7 10. O-O Nc6 11. Be3 d6 12. a3 a5 13. Rad1 Qd7 14.
Nd2 Nxd2 15. Rxd2 a4 16. d5 Na5 17. dxe6 Qxe6 18. Bd5 Bxd5 19. cxd5 Qe7 20. Qxa4 Nb7 21. Qc2 Nc5 22. Rc1 Rac8 23. Rd4 h6 24. Rc4 Rf7 25.
b4 Ne4 26. Bxb6 Qg5 27. Be3 Qh5 28. b5 Qh3 29. b6 Nf6 30. Rh4 Qxh4 31. gxh4 Nxd5 32.
Qb3 Nxe3 33. fxe3 Rb8 34. Rxc7 1-0

[Event "*** Titled Tuesday 3|2 Blitz"]
[Site "Chess.com"]
[Date "2016.05.03"]
[Round "5"]
[White "dsanchez1973"]
[Black "destroyer305"]
[Result "1-0"]
[WhiteElo "2013"]
[BlackElo "2217"]
[TimeControl "180+2"]
[EndTime "18:00:13 PDT"]
[Termination "dsanchez1973 won by checkmate"]

1. e4 c5 2. Nf3 d6 3. d4 cxd4 4. Nxd4 Nf6 5. Nc3 g6 6. Be3 Bg7 7. f3 O-O 8. Bc4 Nc6 9. Qd2 Bd7 10. O-O-O Rc8 11. Bb3 Nxd4 12. Bxd4 b5 13. h4 a5 14. Nd5 Nxd5 15. Bxg7 Kxg7 16. Bxd5 e6 17. Bb7 Rc7 18. Ba6 Qb8 19. Qxd6 Rd8 20. h5 Ra7 21. h6+ Kg8 22. Qe7 Rxa6 23. Qf6 Kf8 24. Rxd7 Rd6 25. Qxf7# 1-0

[Event "*** Titled Tuesday 3|2 Blitz"]
[Site "Chess.com"]
[Date "2016.05.03"]
[Round "5"]
[White "GeorgMeier"]
[Black "rookoco"]
[Result "1-0"]
[WhiteElo "2749"]
[BlackElo "2464"]
[TimeControl "180+2"]
[EndTime "18:00:26 PDT"]
[Termination "GeorgMeier won by resignation"]

1. Nf3 g6 2. d4 Bg7 3. Bf4 d6 4. e3 Nd7 5. h3 Ngf6 6. Be2 O-O 7. O-O Qe8 8. c4 e5 9. Bh2 Qe7 10. Nc3 Re8 11. b4 exd4 12. Nxd4 Nb6 13. Rc1 Ne4 14.
Nxe4 Qxe4 15. Bf3 Qe7 16. c5 dxc5 17. bxc5 Nd7 18. c6 bxc6 19. Nxc6 Qa3 20. Ne7+ Qxe7 21. Bxa8 Ba6 22. Bc6 Bxf1 23. Qxd7 Qxd7 24. Bxd7 Rd8 25. Rxc7 Bc4 26. Rxc4 Rxd7 27. Rc8+ Bf8 28. Kf1 f5 29. Ke2 Kf7 30. Be5 Bb4 31. Bd4 Ke6 32. Kd3 Ba5 33.
Kc4 Rb7 34. Rc6+ Kd7 35. Rf6 Ke7 36. Ra6 Rc7+ 1-0

[Event "*** Titled Tuesday 3|2 Blitz"]
[Site "Chess.com"]
[Date "2016.05.03"]
[Round "5"]
[White "Zlatan56"]
[Black "GM_Huschenbeth"]
[Result "1-0"]
[WhiteElo "2600"]
[BlackElo "2474"]
[TimeControl "180+2"]
[EndTime "18:01:02 PDT"]
[Termination "Zlatan56 won by resignation"]

1. g3 g6 2. Bg2 Bg7 3. d4 d5 4. Nf3 Nf6 5. O-O c6 6. Nbd2 O-O 7. b3 a5 8. c4 a4 9. Ba3 Nbd7 10. Qc2 Re8 11.
Rfd1 b6 12. cxd5 cxd5 13. Ne5 Bb7 14. Ndf3 Rc8 15. Qb2 Ne4 16. bxa4 Nc3 17. Rdc1 Nxe5 18. Nxe5 Nxa4 19. Qb4 Bxe5 20. dxe5 Qd7 21. Rxc8 Bxc8 22.
Rd1 Bb7 23. e6 fxe6 24. Qd4 Rc8 25. Bh3 Rc4 26. Qxc4 Kf8 27. Qf4+ 1-0

[Event "*** Titled Tuesday 3|2 Blitz"]
[Site "Chess.com"]
[Date "2016.05.03"]
[Round "5"]
[White "Beca95"]
[Black "MinhGTrAn"]
[Result "0-1"]
[WhiteElo "2546"]
[BlackElo "2625"]
[TimeControl "180+2"]
[EndTime "18:01:20 PDT"]
[Termination "MinhGTrAn won by checkmate"]

1. d4 Nf6 2. c4 e6 3. Nf3 b6 4. g3 Ba6 5. Nbd2 c6 6. Bg2 d5 7. b3 Be7 8. O-O O-O 9. Qc2 Nbd7 10. Bb2 Rc8 11. Rac1 c5 12. dxc5 Bxc5 13. Qb1 Qe7 14. e3 Rfd8 15. Rfd1 Ba3 16. cxd5 Nxd5 17. Nd4 Rxc1 18.
Rxc1 Bxb2 19. Qxb2 Ne5 20. Be4 Nb4 21. Qa3 Bd3 22.
Bxd3 Nexd3 23. Rc3 Qf6 24. Ne4 Qe5 25. Qxa7 Qxe4 26. Qxb6 Rf8 27. Qb5 Ne1 28. Qxb4 Qg2# 0-1

[Event "*** Titled Tuesday 3|2 Blitz"]
[Site "Chess.com"]
[Date "2016.05.03"]
[Round "5"]
[White "dretch"]
[Black "Dr-Bassem"]
[Result "0-1"]
[WhiteElo "2578"]
[BlackElo "2582"]
[TimeControl "180+2"]
[EndTime "18:01:45 PDT"]
[Termination "Dr-Bassem won by resignation"]

1. d4 e6 2. c4 f5 3. g3 Nf6 4. Bg2 Be7 5. Nf3 O-O 6. O-O d6 7. Nc3 Qe8 8. Qc2 Qg6 9. Re1 Ne4 10.
Nd2 Nxc3 11. bxc3 e5 12. Rb1 Nc6 13. d5 Nd8 14. c5 dxc5 15. Nc4 Bd6 16. e4 f4 17. Kh1 f3 18. Bf1 Qh5 19. Kg1 Bh3 20. Bd3 b6 21. Qd1 Rf6 22. Qd2 Nf7 23. Ne3 Rf8 24.
Nf5 Rg6 25. Qc2 Ng5 26. c4 Bg2 27. Bxg5 Rxg5 28. h4 Qg4 0-1

[Event "*** Titled Tuesday 3|2 Blitz"]
[Site "Chess.com"]
[Date "2016.05.03"]
[Round "5"]
[White "Dlugy"]
[Black "Hikaru"]
[Result "0-1"]
[WhiteElo "2594"]
[BlackElo "2839"]
[TimeControl "180+2"]
[EndTime "18:01:52 PDT"]
[Termination "Hikaru won by resignation"]

1. d4 e6 2. Bf4 Nf6 3. e3 d5 4. Nd2 c5 5. c3 Bd6 6. Bg3 Nc6 7. Ngf3 O-O 8. Bb5 Ne7 9. Bd3 b6 10. Ne5 Bb7 11. O-O Qc7 12. Qe2 Nf5 13. Bf4 Ne7 14.
a4 a6 15. Bg3 Nf5 16. Bxf5 exf5 17. a5 b5 18. dxc5 Bxe5 19. Bxe5 Qxe5 20. Nf3 Qe7 21. b4 f4 22. Rfe1 fxe3 23. Qxe3 Qxe3 24. Rxe3 Rfe8 25. Rd3 Nd7 26. Nd4 Ne5 27. Rd2 g6 28. Rad1 Nc6 29.
Nc2 Rad8 30. Kf1 d4 31. Nxd4 Nxd4 32. Rxd4 Rxd4 33. Rxd4 Kf8 34. Rd6 Re6 35. Rd7 Bc6 36.
Ra7 Bd5 37. f3 g5 38. Kf2 h5 39. h3 h4 40. Rd7 Bc4 41. Rd4 Re2+ 42. Kg1 Re1+ 43.
Kf2 Re2+ 44. Kg1 Rc2 45. Rd6 Rxc3 46. Rxa6 Ke7 47. Rb6 Rb3 48. a6 Rxb4 49. c6 Kd6 50.
Rb8 Ra4 51. Rg8 Rxa6 52. Rxg5 Rxc6 0-1

[Event "*** Titled Tuesday 3|2 Blitz"]
[Site "Chess.com"]
[Date "2016.05.03"]
[Round "5"]
[White "SidArun"]
[Black "Silent_Terror"]
[Result "0-1"]
[WhiteElo "1981"]
[BlackElo "2570"]
[TimeControl "180+2"]
[EndTime "18:02:12 PDT"]
[Termination "Silent_Terror won by resignation"]

1. d4 e6 2. e4 d5 3. exd5 exd5 4. Nf3 Bd6 5. c4 Be6 6. Nc3 Nf6 7. c5 Be7 8. Bd3 b6 9. cxb6 axb6 10. O-O O-O 11.
Re1 c5 12. Bg5 Nc6 13. Bb1 h6 14. Bxf6 Bxf6 15. Qd3 Re8 16. Nb5 Nxd4 17. Nfxd4 cxd4 18. Bc2 Rc8 19. Ba4 Qd7 20. Nc3 Qb7 21. Nb5 Qa6 22.
b3 Qa5 23. Nxd4 Rc3 24. Qd2 Rec8 25. Nxe6 fxe6 26. Bd7 Rd8 27. Bxe6+ Kh8 28. Bf7 Rc7 29. Bg6 Qxd2 0-1

[Event "*** Titled Tuesday 3|2 Blitz"]
[Site "Chess.com"]
[Date "2016.05.03"]
[Round "5"]
[White "davidarenas1224"]
[Black "renanreis"]
[Result "1-0"]
[WhiteElo "2181"]
[BlackElo "2015"]
[TimeControl "180+2"]
[EndTime "18:02:15 PDT"]
[Termination "davidarenas1224 won by resignation"]

1. e4 c5 2. Nf3 d6 3. d4 cxd4 4. Nxd4 Nf6 5. Nc3 a6 6. Be2 e6 7. O-O Be7 8. f4 O-O 9. Be3 Qc7 10. Qe1 Nc6 11. Kh1 Bd7 12. Qg3 b5 13. a3 Rac8 14.
Rad1 Rfd8 15. e5 dxe5 16. fxe5 Nxe5 17. Bf4 Bd6 18. Ndxb5 Bxb5 19. Nxb5 axb5 20. Rxd6 Ne4 21. Rxd8+ Rxd8 22. Qe3 f5 23. Bd3 Ng4 24. Bxc7 Nxe3 25. Bxd8 Nxf1 26. Bxf1 Nd6 27. Bc7 Nc4 28. Bxc4 bxc4 29.
a4 Kf7 30. a5 Ke8 31. a6 Kd7 32. a7 Kxc7 33. a8=Q c3 34. bxc3 1-0

[Event "*** Titled Tuesday 3|2 Blitz"]
[Site "Chess.com"]
[Date "2016.05.03"]
[Round "5"]
[White "asms9699"]
[Black "chessking2151"]
[Result "1-0"]
[WhiteElo "2389"]
[BlackElo "2316"]
[TimeControl "180+2"]
[EndTime "18:02:19 PDT"]
[Termination "asms9699 won by resignation"]

1. c4 Nf6 2. g3 e6 3. Nf3 d5 4. b3 Be7 5. Bg2 O-O 6. O-O Ne4 7. Bb2 Bf6 8. Qc1 Bxb2 9. Qxb2 Qf6 10. d4 c5 11.
cxd5 exd5 12. Nc3 Rd8 13. Qc2 Nc6 14. Nxd5 Rxd5 15. Qxe4 Be6 16. dxc5 Rad8 17. b4 a6 18. a4 Bf5 19. Qc4 Be6 20. b5 Rd1 21. Raxd1 Bxc4 22. bxc6 bxc6 23. Ne5 Bd5 24. e4 Qxe5 25. exd5 cxd5 26. c6 g6 27. Rfe1 Qh5 28. c7 Rc8 29. Rxd5 Qg4 30. Rd8+ Kg7 31. Rxc8 Qxc8 32. Rc1 h5 33.
Bb7 1-0

[Event "*** Titled Tuesday 3|2 Blitz"]
[Site "Chess.com"]
[Date "2016.05.03"]
[Round "5"]
[White "NaziPaiki"]
[Black "EltajSafarli"]
[Result "0-1"]
[WhiteElo "2653"]
[BlackElo "2716"]
[TimeControl "180+2"]
[EndTime "18:02:26 PDT"]
[Termination "EltajSafarli won by resignation"]

1. e4 c5 2. Nf3 Nc6 3. d4 cxd4 4. Nxd4 Nf6 5. Nc3 e6 6. Ndb5 Bc5 7. Bf4 O-O 8. Bd6 Qb6 9. Bxc5 Qxc5 10. Qd6 Qb6 11.
Qc7 Qc5 12. Qd6 Qg5 13. h4 Qg6 14. O-O-O a6 15. Nc7 Ra7 16. h5 Qh6+ 17. Kb1 b5 18. a3 Ng4 19. Qg3 Nxf2 20. Qxf2 Rxc7 21. g4 Ne5 22. Be2 Rxc3 23. bxc3 Bb7 24. Rd4 f5 25. gxf5 exf5 26. Rg1 Bxe4 27. Qg3 Re8 28. Rd6 f4 29. Rxh6 fxg3 30. Rxa6 g2 31. Kc1 Rf8 32. Kd2 Nf3+ 33. Bxf3 Bxf3 34. Ke1 Bc6 35. Rxc6 dxc6 36. Rxg2 Rf5 37.
h6 g5 38. Kd2 Kf7 39. Re2 Rd5+ 40. Ke1 Rc5 41. Kd2 Kg6 42. Re6+ Kh5 43. Kd3 g4 44. Kd4 Rc4+ 45. Ke3 Rxc3+ 46. Kf2 Rxc2+ 47. Kg3 Rc3+ 48. Kg2 Kg5 49. Rd6 c5 50. Rb6 Rb3 51. Rb7 Kxh6 52. Rc7 c4 53. a4 bxa4 54. Rxc4 Kg5 55. Rxa4 Rb5 0-1

[Event "*** Titled Tuesday 3|2 Blitz"]
[Site "Chess.com"]
[Date "2016.05.03"]
[Round "5"]
[White "oskariot"]
[Black "Quiet_Desperation"]
[Result "1-0"]
[WhiteElo "2421"]
[BlackElo "2270"]
[TimeControl "180+2"]
[EndTime "18:02:42 PDT"]
[Termination "oskariot won by resignation"]

1. e4 Nc6 2. Nf3 d6 3. d4 Nf6 4. Nc3 d5 5. e5 Ne4 6. Bd3 Nxc3 7. bxc3 Bg4 8. h3 Bh5 9. O-O e6 10. Rb1 Rb8 11. Be2 Be7 12. Ne1 Bxe2 13. Qxe2 O-O 14.
f4 Qd7 15. Nd3 Na5 16. g4 Nc4 17.
f5 exf5 18. gxf5 f6 19. e6 Qa4 20. Nf4 Nb6 21. Qh5 Qxc2 22. Ng6 Rfe8 23. Rf4 h6 24. Rf1 Qxc3 25. Bxh6 Qxd4+ 26. Kh2 Bd6+ 27. Bf4 Bxf4+ 28. Rxf4 Qd2+ 29. Kh1 Rxe6 30. fxe6 1-0

[Event "*** Titled Tuesday 3|2 Blitz"]
[Site "Chess.com"]
[Date "2016.05.03"]
[Round "5"]
[White "Kawhi_Leonard2"]
[Black "platy3"]
[Result "0-1"]
[WhiteElo "2115"]
[BlackElo "2645"]
[TimeControl "180+2"]
[EndTime "18:02:49 PDT"]
[Termination "platy3 won by resignation"]

1. e4 c5 2. Nf3 Nc6 3. d4 cxd4 4. Nxd4 Qb6 5. Nb3 Nf6 6. Nc3 e6 7. Be3 Qc7 8. f4 Bb4 9. Qf3 d5 10. e5 Ne4 11. Bd2 Nxd2 12. Nxd2 O-O 13. Bd3 f6 14. exf6 Rxf6 15. O-O Bd7 16. g3 Raf8 17. Qg2 Nd4 18. Nf3 Bxc3 19. bxc3 Qxc3 20. Ng5 Rh6 21. Rae1 Bc6 22.
Qf2 Rff6 23. Re5 Bd7 24. Rfe1 Nc6 25. R5e3 Qc5 26. h4 e5 27. Kh2 e4 28. Bf1 Rhg6 29. Qd2 Rd6 30. Rd1 h6 31. h5 Rgf6 32. Nh3 Bg4 33. Be2 Bxe2 34. Qxe2 Nd4 35. Qf1 Qxc2+ 36. Kh1 Nf5 37. Nf2 Nxe3 0-1

[Event "*** Titled Tuesday 3|2 Blitz"]
[Site "Chess.com"]
[Date "2016.05.03"]
[Round "5"]
[White "Elshan1985"]
[Black "pKiLz5Rn9b"]
[Result "0-1"]
[WhiteElo "2554"]
[BlackElo "2420"]
[TimeControl "180+2"]
[EndTime "18:02:57 PDT"]
[Termination "pKiLz5Rn9b won by resignation"]

1. d4 d6 2. Nf3 g6 3. e4 Bg7 4.
Bd3 a6 5. O-O b6 6. Re1 Bb7 7.
Nbd2 e6 8. c3 Ne7 9. a4 h6 10.
a5 b5 11. e5 Nd7 12. Qe2 g5 13. Ne4 Bxe4 14. Bxe4 d5 15. Bc2 c5 16. dxc5 Nxc5 17.
Nd4 Qc7 18. f4 gxf4 19. Bxf4 O-O-O 20. Rf1 Rdf8 21. Qh5 Ne4 22. Rae1 Ng6 23. Bxe4 dxe4 24. Rxe4 Nxf4 25. Rfxf4 Rhg8 26. Rf2 Qxa5 27. g3 Qc7 28. Nc2 Qb7 29. Rd4 Qc7 30. Re4 Qb7 31. Qe2 Rd8 32. Nd4 Rd7 33. Ref4 Rgd8 34. Qh5 Qd5 35. Rxf7 Bxe5 36.
Rxd7 Rxd7 37. Qe8+ Kb7 38. Nxe6 Kb6 39. Nf8 Rd6 40.
Ng6 Re6 41. Qf7 Bd6 42. Nf4 Re1+ 0-1

[Event "*** Titled Tuesday 3|2 Blitz"]
[Site "Chess.com"]
[Date "2016.05.03"]
[Round "5"]
[White "TheLancer"]
[Black "StellarChessPro"]
[Result "0-1"]
[WhiteElo "2454"]
[BlackElo "2288"]
[TimeControl "180+2"]
[EndTime "18:03:08 PDT"]
[Termination "StellarChessPro won by resignation"]

1. e4 c6 2. d4 d5 3. Nc3 dxe4 4. Nxe4 Nf6 5. Nxf6+ exf6 6. c3 Bd6 7. Bd3 O-O 8. Qc2 h6 9. Ne2 Nd7 10. Be3 Re8 11.
O-O-O Nb6 12. Rdg1 Nd5 13. Bd2 b5 14. g4 a5 15. h4 b4 16. g5 bxc3 17. bxc3 Ba3+ 18. Kd1 h5 19. Qa4 Be7 20. Qxc6 Be6 21. gxf6 Bxf6 22. c4 Nb4 23. Bxb4 axb4 24. Qe4 Rxa2 25. d5 Bg4 26. Qh7+ Kf8 27. Re1 Qd7 28. Kc1 g6 29.
Bxg6 fxg6 30. Qxg6 Qf5 31. Qxe8+ Kxe8 32. Nd4+ Kd7 33. Nxf5 Bxf5 34. Kd1 Bc3 35. Re3 Ra1+ 36. Ke2 Rxh1 37. Rg3 Bc2 38. c5 Re1+ 39. Kf3 b3 40. Rg8 Be4+ 41. Kf4 Bxd5 42. Rb8 Be5+ 0-1

[Event "*** Titled Tuesday 3|2 Blitz"]
[Site "Chess.com"]
[Date "2016.05.03"]
[Round "5"]
[White "jcibarra"]
[Black "exoticprincess"]
[Result "1-0"]
[WhiteElo "2598"]
[BlackElo "2806"]
[TimeControl "180+2"]
[EndTime "18:03:13 PDT"]
[Termination "jcibarra won by resignation"]

1. e4 c6 2. Nc3 d5 3. Nf3 Bg4 4. h3 Bxf3 5. Qxf3 e6 6. d3 Nd7 7. Bd2 Ngf6 8. g4 h6 9. O-O-O Qc7 10. h4 O-O-O 11. g5 hxg5 12. hxg5 Ne5 13. Qg2 Rxh1 14. Qxh1 Nfd7 15. f4 Ng6 16. f5 exf5 17. exd5 Bd6 18. dxc6 bxc6 19. Bg2 Ne7 20. d4 Nb6 21. Qf1 Kb8 22. Kb1 g6 23. Bc1 Ned5 24. Nxd5 cxd5 25. Rd3 Qc4 26. b3 Qc7 27. Rh3 Rc8 28. Qd3 Bf4 29. a4 Bxc1 30. Kxc1 Qd6 31. Kb1 Qe7 32. Qd2 Qd6 33. Qe2 Qc6 34. Re3 a5 35. Re7 Rc7 36. Rxc7 Kxc7 37. Qe7+ Qd7 38. Qc5+ Qc6 39. Qxa5 f4 40.
Qa7+ Qb7 41. Qxb7+ Kxb7 42. a5 Nc8 43. Bxd5+ Ka6 44.
b4 Nd6 45. c3 Nf5 46. Kc1 1-0

[Event "*** Titled Tuesday 3|2 Blitz"]
[Site "Chess.com"]
[Date "2016.05.03"]
[Round "5"]
[White "jposthuma"]
[Black "chess960now"]
[Result "1-0"]
[WhiteElo "2149"]
[BlackElo "2012"]
[TimeControl "180+2"]
[EndTime "18:03:25 PDT"]
[Termination "jposthuma won by resignation"]

1. d4 Nf6 2. c4 g6 3. Nc3 Bg7 4. e4 d6 5. f3 O-O 6. Be3 c6 7. Bd3 a6 8. Nge2 b5 9. Qd2 Nbd7 10. Ng3 Bb7 11. O-O-O e5 12. d5 cxd5 13. cxd5 Nb6 14.
Kb1 Rc8 15. Bh6 Nc4 16. Bxc4 bxc4 17. h4 Qb6 18. Nf5 gxf5 19. Bxg7 Kxg7 20. Qg5+ Kh8 21. Qxf6+ Kg8 22. h5 Qd8 23. Qxf5 f6 24. Rh3 Rb8 25.
Rg3+ Kh8 26. h6 Rf7 27. Rg7 Rxg7 28. hxg7+ Kxg7 29. Rh1 Qh8 30. g4 Bc8 31. Qh5 Bd7 32.
g5 Kf8 33. gxf6 Qxf6 34. Qxh7 Qf7 35. Qh8+ Qg8 36. Qf6+ Ke8 37. Rh8 1-0

[Event "*** Titled Tuesday 3|2 Blitz"]
[Site "Chess.com"]
[Date "2016.05.03"]
[Round "5"]
[White "tactics321"]
[Black "Penguininja"]
[Result "0-1"]
[WhiteElo "2132"]
[BlackElo "2219"]
[TimeControl "180+2"]
[EndTime "18:03:37 PDT"]
[Termination "Penguininja won by checkmate"]

1. Nf3 d5 2. c4 c6 3. g3 Nf6 4.
Bg2 g6 5. O-O Bg7 6. Qb3 O-O 7.
d4 a5 8. cxd5 Nxd5 9. Nc3 Nb6 10. Bf4 a4 11. Qc2 Na6 12. a3 Be6 13. Ne4 Bb3 14.
Qd3 Nd5 15. Bg5 h6 16. Bd2 Qc7 17. Rac1 Rfd8 18. e3 Rac8 19. Qe2 Qb6 20. Ne1 Nf6 21. Nd3 Nxe4 22. Bxe4 Bd5 23. Bg2 Bxg2 24. Kxg2 c5 25. dxc5 Nxc5 26. Nxc5 Rxc5 27. Bb4 Rcd5 28. Rfd1 Rxd1 29.
Rxd1 Qc6+ 30. f3 Rxd1 31. Qxd1 Bf8 32. e4 Qc8 33. Bc3 b5 34. Qd4 f6 35. Qd5+ Kg7 36.
Qxb5 Qd8 37. Qxa4 Qd3 38. Qc6 Qe2+ 39. Kh3 Qf1+ 40. Kg4 h5+ 41. Kf4 Qc1+ 42. Bd2 Qxd2# 0-1

[Event "*** Titled Tuesday 3|2 Blitz"]
[Site "Chess.com"]
[Date "2016.05.03"]
[Round "5"]
[White "Gevorg_Harutjunyan"]
[Black "DanielNaroditsky"]
[Result "1-0"]
[WhiteElo "2651"]
[BlackElo "2638"]
[TimeControl "180+2"]
[EndTime "18:03:47 PDT"]
[Termination "Gevorg_Harutjunyan won by resignation"]

1. e4 e5 2. Nf3 Nc6 3. d4 exd4 4. Nxd4 Nf6 5. Nxc6 bxc6 6. e5 Qe7 7. Qe2 Nd5 8.
c4 Ba6 9. b3 g6 10. Bb2 Bg7 11.
Nd2 O-O 12. O-O-O Rfe8 13. Nf3 d6 14. Qd2 Nb6 15. exd6 Bxb2+ 16. Kxb2 cxd6 17. Qxd6 Qb7 18. Ka1 Rad8 19. Qxd8 Rxd8 20. Rxd8+ Kg7 21. Rd2 Qe7 22. Bd3 Qf6+ 23. Kb1 c5 24. Re1 Bb7 25. Be4 Ba6 26. Rc1 Qf4 27. Re2 Bc8 28. h3 a5 29. a4 Be6 30.
Rc3 h6 31. Bc2 Qb8 32. Ka2 Qf4 33. Ne5 Qd4 34. Rd3 Qh4 35. Rde3 Qd4 36. g3 g5 37. Rd3 Nxa4 38. Rxd4 Nc3+ 39. Kb2 Nxe2 40. Rd6 Bxh3 41. Bd1 Nd4 42. Rd5 Ne6 43. Bg4 Bxg4 44. Nxg4 h5 45. Ne3 Kg6 46. Nf5 Kf6 47. Ka3 h4 48. gxh4 Nf4 49.
hxg5+ Kxg5 50. Rxc5 Nd3 51. Rxa5 Nxf2 52. Nd6+ Kf4 1-0

[Event "*** Titled Tuesday 3|2 Blitz"]
[Site "Chess.com"]
[Date "2016.05.03"]
[Round "5"]
[White "howitzer14"]
[Black "Viaje"]
[Result "0-1"]
[WhiteElo "2218"]
[BlackElo "2170"]
[TimeControl "180+2"]
[EndTime "18:03:49 PDT"]
[Termination "Viaje won by resignation"]

1. Nf3 c5 2. e4 d6 3. Bb5+ Bd7 4. Bxd7+ Qxd7 5. O-O Nf6 6. Re1 Nc6 7. c3 e6 8. d4 cxd4 9. cxd4 d5 10. e5 Ne4 11.
a3 Be7 12. Nbd2 Nxd2 13. Bxd2 O-O 14. Rc1 Rfc8 15. Rc3 Bd8 16. Rd3 Ne7 17. Nh4 Bb6 18.
Bc3 Ng6 19. Rh3 Rc4 20. Qg4 Nxe5 21. Rxe5 Bxd4 22. Qd1 Bxe5 23. Bxe5 Rac8 24. Bc3 d4 25. Bd2 e5 26. Rg3 e4 27. h3 Qe6 28. Qh5 Rc2 29.
Bh6 g6 30. Qf5 Rxb2 31. Qf4 d3 32. Kh2 d2 33. Rc3 Rxc3 34. Nf5 Qxf5 35. Qd6 Rc8 36. Qd4 f6 37. Qxb2 d1=Q 38. Qa2+ Kh8 39. Qf7 Qe5+ 40. g3 Qxg3+ 41. Kxg3 Qf3+ 42. Kh4 g5+ 43. Bxg5 fxg5+ 44. Kxg5 Qxf7 45. h4 Rc5+ 0-1

[Event "*** Titled Tuesday 3|2 Blitz"]
[Site "Chess.com"]
[Date "2016.05.03"]
[Round "5"]
[White "jk13"]
[Black "chito89"]
[Result "1/2-1/2"]
[WhiteElo "2426"]
[BlackElo "2597"]
[TimeControl "180+2"]
[EndTime "18:03:50 PDT"]
[Termination "Game drawn by agreement"]

1. e4 c5 2. c3 g6 3. d4 cxd4 4.
cxd4 Bg7 5. Nc3 d6 6. Bc4 Nf6 7. h3 O-O 8. Nf3 Nxe4 9. Nxe4 d5 10. Bd3 dxe4 11. Bxe4 Nc6 12. Be3 Bf5 13. Bxf5 Qa5+ 14.
Qd2 Qxf5 15. O-O Rfd8 16. Rfd1 Rd5 17. Qc3 Rad8 18. Rd2 e5 19. dxe5 Nxe5 20. Nxe5 Rxd2 21. Bxd2 Bxe5 22. Qc1 Rc8 23. Bc3 Bxc3 24. bxc3 Qf6 25.
Rb1 Rxc3 26. Qd2 b6 27. h4 Kg7 28. g3 h5 29. Re1 Rc5 30. Re8 Qa1+ 31. Kg2 Rc1 32.
Qd5 Qf6 33. Re3 Qc6 34. Qxc6 Rxc6 35. Re7 a5 36. Re4 Rc2 37. a4 Rb2 38. Rd4 Rb4 39. Rd6 Kf8 40. Rc6 Ke7 41. Kf3 f6 42. Ke3 g5 43.
hxg5 fxg5 44. Rh6 h4 45. gxh4 gxh4 46. f4 h3 47. Kf3 h2 48. Kg2 Rxa4 49. Rxb6 Rxf4 50.
Kxh2 a4 51. Kg3 Rc4 52. Kf3 Kd7 53. Ke3 Kc7 54. Rb1 Kc6 55. Kd3 Kc5 56. Rb8 1/2-1/2

[Event "*** Titled Tuesday 3|2 Blitz"]
[Site "Chess.com"]
[Date "2016.05.03"]
[Round "5"]
[White "vinceyoung15"]
[Black "1random"]
[Result "1-0"]
[WhiteElo "2213"]
[BlackElo "2025"]
[TimeControl "180+2"]
[EndTime "18:03:53 PDT"]
[Termination "vinceyoung15 won by checkmate"]

1. e4 Nf6 2. e5 Nd5 3. d4 d6 4. c4 Nb6 5. Nf3 g6 6. Nc3 Bg7 7. exd6 cxd6 8. Be3 O-O 9. Qd2 Bg4 10. Be2 d5 11. c5 Nc8 12. h3 Bxf3 13. Bxf3 e6 14.
h4 h5 15. g4 hxg4 16. Bxg4 f5 17. Bf3 Bf6 18. O-O-O Kh7 19. Rdg1 Rg8 20. Bg5 Bxg5 21. Rxg5 Ne7 22. h5 Kg7 23. Qe3 Nbc6 24. hxg6 Nxg6 25. Rhg1 Kf6 26. Bh5 Nce7 27. Re1 Qd7 28. Rg2 f4 29. Qh3 Nf5 30. Reg1 Nge7 31. Rxg8 Rxg8 32. Rxg8 Nxg8 33. Qg4 Qg7 34. Qxf4 Qg5 35. Qxg5+ Kxg5 36. Bf7 Nge7 37. Bxe6 Nxd4 38. Bxd5 Nec6 39. Kd2 Kf4 40. Ne2+ Nxe2 41. Kxe2 Nb4 42. Bg2 Nxa2 43. Bxb7 Ke5 44. Kd3 Nc1+ 45. Kc4 Ke6 46. f4 Ne2 47. Bd5+ Kf5 48.
c6 Nxf4 49. c7 a5 50. c8=Q+ Ke5 51. Qc7+ Kf5 52. Qxa5 Kg4 53. b4 Kg3 54. Qc7 Kg4 55. Qxf4+ Kh3 56. Qg5 Kh2 57. Qg2# 1-0